TOP OF THE 1ST |
Brevard County Manatees batting - Pitching for Lakeland Flying Tigers : RHP Dan Keener
|
Pitching: RHP Dan Keener
|
|
Batting: RHB Chris Maul
|
0-0: Ball 1-0: Ball 2-0: Foul Ball, location: 2F 2-1: Ball 3-1: Fly out, F8 (Line Drive, 78S, EV 95.6 MPH)
|
Batting: LHB Tony Hasbun
|
0-0: Fly out, F9 (Flyball, 9, EV 81.2 MPH)
|
Batting: LHB Tyler Francis
|
0-0: Ground out 5-3 (Groundball, 6, EV 105.0 MPH)
|
Top of the 1st over - 0 runs, 0 hits, 0 errors, 0 left on base; Brevard County 0 - Lakeland 0 |
BOTTOM OF THE 1ST |
Lakeland Flying Tigers batting - Pitching for Brevard County Manatees : RHP Jayden Whittick
|
Pitching: RHP Jayden Whittick
|
|
Batting: RHB Mike Sebastian
|
0-0: Called Strike 0-1: Ground out 5-3 (Groundball, 25, EV 67.5 MPH)
|
Batting: RHB Jose Evangelista
|
0-0: Ball 1-0: Ball 2-0: Swinging Strike 2-1: Fly out, F7 (Flyball, 78D, EV 100.6 MPH)
|
Batting: LHB George Moran
|
0-0: Foul Ball, location: 2F 0-1: SINGLE (Groundball, 25, EV 66.9 MPH) (infield hit)
|
Batting: SHB Sean Foley
|
0-0: Ball 1-0: Called Strike 1-1: Ball 2-1: Ball 3-1: Base on Balls George Moran to second
|
Batting: RHB Tanner Purchase
|
0-0: Called Strike 0-1: Called Strike 0-2: Strikes out swinging, 2-3 out at first.
|
Bottom of the 1st over - 0 runs, 1 hit, 0 errors, 2 left on base; Brevard County 0 - Lakeland 0 |
TOP OF THE 2ND |
Brevard County Manatees batting - Pitching for Lakeland Flying Tigers : RHP Dan Keener
|
Batting: RHB Alfredo Sena
|
0-0: Ground out U3 (Groundball, 3, EV 86.2 MPH)
|
Batting: RHB Ryan Miller
|
0-0: Called Strike 0-1: Ground out 5-3 (Groundball, 56, EV 99.4 MPH)
|
Batting: RHB Chris Fruit
|
0-0: Called Strike 0-1: Swinging Strike 0-2: Ball 1-2: Strikes out looking
|
Top of the 2nd over - 0 runs, 0 hits, 0 errors, 0 left on base; Brevard County 0 - Lakeland 0 |
BOTTOM OF THE 2ND |
Lakeland Flying Tigers batting - Pitching for Brevard County Manatees : RHP Jayden Whittick
|
Batting: RHB Juan Acero
|
0-0: Swinging Strike 0-1: Ball 1-1: Swinging Strike 1-2: DOUBLE (Line Drive, 7LM, EV 108.8 MPH)
|
Batting: RHB Khalil Coleman
|
0-0: Ball 1-0: Ball 2-0: Ball 3-0: Base on Balls
|
Batting: RHB Jeremiah Washington
|
0-0: Called Strike 0-1: Called Strike 0-2: Foul Ball, location: 2F 0-2: 3-RUN HOME RUN (Flyball, 9LD, EV 90.6 MPH), Distance : 334 ft
|
Batting: RHB Jordan Hall
|
0-0: Ground out 6-3 (Groundball, 6, EV 81.9 MPH)
|
Batting: RHB Mike Sebastian
|
0-0: Foul Ball, location: 2F 0-1: Ball 1-1: Foul Ball, location: 2F 1-2: Foul Ball, location: 2F 1-2: Ball 2-2: Strikes out swinging
|
Batting: RHB Jose Evangelista
|
0-0: Foul Ball, location: 2F 0-1: Ground out 6-3 (Groundball, 6, EV 96.9 MPH)
|
Bottom of the 2nd over - 3 runs, 2 hits, 0 errors, 0 left on base; Brevard County 0 - Lakeland 3 |
TOP OF THE 3RD |
Brevard County Manatees batting - Pitching for Lakeland Flying Tigers : RHP Dan Keener
|
Batting: LHB Bill Kovac
|
0-0: Foul Ball, location: 2F 0-1: Ball 1-1: Fly out, F7 (Flyball, 7D, EV 102.5 MPH)
|
Batting: RHB Fernando Mejia
|
0-0: Ball 1-0: Called Strike 1-1: Swinging Strike 1-2: Hit by Pitch
|
Batting: RHB Kelan Rae
|
0-0: Ball 1-0: Fly out, F7 (Flyball, 7S, EV 96.9 MPH)
|
Batting: RHB Chris Maul
|
0-0: Ball 1-0: Foul Ball, location: 2F 1-1: Called Strike 1-2: Ground out 6-3 (Groundball, P, EV 80.6 MPH)
|
Top of the 3rd over - 0 runs, 0 hits, 0 errors, 1 left on base; Brevard County 0 - Lakeland 3 |
BOTTOM OF THE 3RD |
Lakeland Flying Tigers batting - Pitching for Brevard County Manatees : RHP Jayden Whittick
|
Batting: LHB George Moran
|
0-0: Called Strike 0-1: Swinging Strike 0-2: Strikes out swinging
|
Batting: SHB Sean Foley
|
0-0: Ball 1-0: Ball 2-0: Foul Ball, location: 2F 2-1: Ball 3-1: SINGLE (Line Drive, 6D, EV 99.4 MPH)
|
Batting: RHB Tanner Purchase
|
0-0: Called Strike 0-1: Ball 1-1: Foul Ball, location: 2F 1-2: Ball 2-2: Ball 3-2: SINGLE (Groundball, 4MD, EV 96.2 MPH) Sean Foley to second
|
Batting: RHB Juan Acero
|
0-0: Ball 1-0: SINGLE (Groundball, 6MD, EV 104.4 MPH) Sean Foley to third Tanner Purchase to second Runner from 3rd tries for Home, SAFE, throw by CF to home
|
Batting: RHB Khalil Coleman
|
0-0: Ball 1-0: Called Strike 1-1: Ball 2-1: Ball 3-1: Foul Ball, location: 2F 3-2: Grounds into double play, 6-4-3 (Groundball, 6, EV 107.5 MPH)
|
Bottom of the 3rd over - 1 run, 3 hits, 0 errors, 1 left on base; Brevard County 0 - Lakeland 4 |
TOP OF THE 4TH |
Brevard County Manatees batting - Pitching for Lakeland Flying Tigers : RHP Dan Keener
|
Batting: LHB Tony Hasbun
|
0-0: Called Strike 0-1: Ball 1-1: Ball 2-1: Ground out 3-1 (Groundball, 34, EV 103.1 MPH)
|
Batting: LHB Tyler Francis
|
0-0: Ball 1-0: Ball 2-0: Fly out, F8 (Flyball, 8RD, EV 93.8 MPH)
|
Batting: RHB Alfredo Sena
|
0-0: Ground out 6-3 (Groundball, 6, EV 86.2 MPH)
|
Top of the 4th over - 0 runs, 0 hits, 0 errors, 0 left on base; Brevard County 0 - Lakeland 4 |
BOTTOM OF THE 4TH |
Lakeland Flying Tigers batting - Pitching for Brevard County Manatees : RHP Jayden Whittick
|
Batting: RHB Jeremiah Washington
|
0-0: Ball 1-0: Called Strike 1-1: Called Strike 1-2: Strikes out swinging
|
Batting: RHB Jordan Hall
|
0-0: Called Strike 0-1: Swinging Strike 0-2: Strikes out swinging
|
Batting: RHB Mike Sebastian
|
0-0: Ball 1-0: Ball 2-0: Called Strike 2-1: Ball 3-1: Foul Ball, location: 2F 3-2: Ground out 1-3 (Groundball, P, EV 75.6 MPH)
|
Bottom of the 4th over - 0 runs, 0 hits, 0 errors, 0 left on base; Brevard County 0 - Lakeland 4 |
TOP OF THE 5TH |
Brevard County Manatees batting - Pitching for Lakeland Flying Tigers : RHP Dan Keener
|
Batting: RHB Ryan Miller
|
0-0: Ball 1-0: Foul Ball, location: 2F 1-1: Swinging Strike 1-2: Ground out 1-3 (Groundball, P, EV 60.6 MPH)
|
Batting: RHB Chris Fruit
|
0-0: Foul Ball, location: 2F 0-1: Called Strike 0-2: Foul Ball, location: 2F 0-2: Ball 1-2: Ball 2-2: SOLO HOME RUN (Flyball, 7D, EV 99.4 MPH), Distance : 375 ft
|
Batting: LHB Bill Kovac
|
0-0: Ball 1-0: Ball 2-0: Called Strike 2-1: Ball 3-1: Called Strike 3-2: DOUBLE (Line Drive, 89D, EV 106.2 MPH)
|
Batting: RHB Fernando Mejia
|
0-0: Called Strike 0-1: Swinging Strike 0-2: Strikes out swinging
|
Batting: RHB Kelan Rae
|
0-0: Called Strike 0-1: Called Strike 0-2: Ball 1-2: Foul Ball, location: 2F 1-2: Strikes out swinging
|
Top of the 5th over - 1 run, 2 hits, 0 errors, 1 left on base; Brevard County 1 - Lakeland 4 |
BOTTOM OF THE 5TH |
Lakeland Flying Tigers batting - Pitching for Brevard County Manatees : RHP Jayden Whittick
|
Batting: RHB Jose Evangelista
|
0-0: Called Strike 0-1: Foul Ball, location: 2F 0-2: Ball 1-2: Ball 2-2: Ball 3-2: Fly out, F4 (Line Drive, 4D, EV 63.1 MPH)
|
Pitching: RHP Ernie Borden
|
|
Batting: LHB George Moran
|
0-0: Ball 1-0: Foul Ball, location: 2F 1-1: Ball 2-1: Ground out 4-3 (Groundball, 4M, EV 85.0 MPH)
|
Batting: SHB Sean Foley
|
0-0: Called Strike 0-1: Ground out U3 (Groundball, 3, EV 98.1 MPH)
|
Bottom of the 5th over - 0 runs, 0 hits, 0 errors, 0 left on base; Brevard County 1 - Lakeland 4 |
TOP OF THE 6TH |
Brevard County Manatees batting - Pitching for Lakeland Flying Tigers : RHP Dan Keener
|
Batting: RHB Chris Maul
|
0-0: Called Strike 0-1: Called Strike 0-2: Ball 1-2: Foul Ball, location: 2F 1-2: Ball 2-2: Ball 3-2: Base on Balls
|
Batting: LHB Tony Hasbun
|
0-0: Called Strike 0-1: Ball Chris Maul steals 2nd base 1-1: Ground out U3 (Groundball, 34S, EV 87.5 MPH) Chris Maul to third
|
Batting: LHB Tyler Francis
|
0-0: Called Strike 0-1: Called Strike 0-2: Ball 1-2: Strikes out swinging, 2-3 out at first.
|
Batting: RHB Alfredo Sena
|
0-0: Called Strike 0-1: Called Strike 0-2: Ball 1-2: Ground out 5-3 (Groundball, 56S, EV 82.5 MPH)
|
Top of the 6th over - 0 runs, 0 hits, 0 errors, 1 left on base; Brevard County 1 - Lakeland 4 |
BOTTOM OF THE 6TH |
Lakeland Flying Tigers batting - Pitching for Brevard County Manatees : RHP Ernie Borden
|
Batting: RHB Tanner Purchase
|
0-0: Ball 1-0: Ball 2-0: Ball 3-0: Called Strike 3-1: Foul Ball, location: 2F 3-2: Base on Balls
|
Batting: RHB Juan Acero
|
0-0: Ball 1-0: Ball 2-0: Ball Tanner Purchase steals 2nd base (no throw) 3-0: Base on Balls
|
Batting: RHB Khalil Coleman
|
0-0: Foul Ball, location: 2F 0-1: Grounds into double play, 6-4-3 (Groundball, 6, EV 77.5 MPH) Tanner Purchase to third
|
Batting: RHB Jeremiah Washington
|
0-0: Intentional Walk
|
Batting: RHB Jordan Hall
|
0-0: Ball 1-0: Ball 2-0: Called Strike 2-1: Swinging Strike 2-2: Ball 3-2: Foul Ball, location: 2F 3-2: Base on Balls Jeremiah Washington to second
|
Batting: RHB Mike Sebastian
|
0-0: Ball 1-0: Called Strike 1-1: Ball 2-1: Ball 3-1: Base on Balls Tanner Purchase scores Jeremiah Washington to third Jordan Hall to second
|
Batting: RHB Jose Evangelista
|
0-0: Swinging Strike 0-1: Ball 1-1: Fly out, F9 (Flyball, 9, EV 91.2 MPH)
|
Bottom of the 6th over - 1 run, 0 hits, 0 errors, 3 left on base; Brevard County 1 - Lakeland 5 |
TOP OF THE 7TH |
Brevard County Manatees batting - Pitching for Lakeland Flying Tigers : RHP Dan Keener
|
Batting: RHB Ryan Miller
|
0-0: Foul Ball, location: 2F 0-1: Ball 1-1: Foul Ball, location: 2F 1-2: Ball 2-2: Ground out 5-3 (Groundball, 56, EV 95.0 MPH)
|
Batting: RHB Chris Fruit
|
0-0: Called Strike 0-1: Called Strike 0-2: Ball 1-2: Ball 2-2: Ball 3-2: Strikes out looking
|
Batting: LHB Bill Kovac
|
0-0: Ball 1-0: SINGLE (Groundball, 6M, EV 86.2 MPH) (infield hit)
|
Batting: RHB Fernando Mejia
|
0-0: Ball 1-0: Called Strike 1-1: Called Strike 1-2: Foul Ball, location: 2F 1-2: Fielders Choice at 2nd, 5-4 (Groundball, 56, EV 104.4 MPH)
|
Top of the 7th over - 0 runs, 1 hit, 0 errors, 1 left on base; Brevard County 1 - Lakeland 5 |
BOTTOM OF THE 7TH |
Lakeland Flying Tigers batting - Pitching for Brevard County Manatees : RHP Ernie Borden
|
Batting: LHB George Moran
|
0-0: Called Strike 0-1: DOUBLE (Line Drive, 9LM, EV 97.5 MPH)
|
Batting: SHB Sean Foley
|
0-0: Intentional Walk
|
Batting: RHB Tanner Purchase
|
0-0: Fly out, F3 (Popup, 3SF, EV 69.4 MPH)
|
Batting: RHB Juan Acero
|
0-0: Ball George Moran steals 3rd base Sean Foley to second 1-0: Ball 2-0: Ground out 1-3 (Groundball, 15, EV 74.4 MPH)
|
Batting: RHB Khalil Coleman
|
0-0: Ball 1-0: Ball Passed Ball! George Moran scores Sean Foley to third 2-0: Swinging Strike Passed Ball! Sean Foley scores 2-1: Ground out 6-3 (Groundball, 6, EV 85.0 MPH)
|
Bottom of the 7th over - 2 runs, 1 hit, 0 errors, 0 left on base; Brevard County 1 - Lakeland 7 |
TOP OF THE 8TH |
Brevard County Manatees batting - Pitching for Lakeland Flying Tigers : RHP Dan Keener
|
Batting: LHB Mark Backstrom
|
0-0: Called Strike 0-1: Ball 1-1: Ball 2-1: Foul Ball, location: 2F 2-2: Strikes out swinging
|
Batting: RHB Chris Maul
|
0-0: SINGLE (Line Drive, 5D, EV 99.4 MPH)
|
Batting: LHB Tony Hasbun
|
0-0: Foul Ball, location: 2F 0-1: Ball 1-1: Ball 2-1: DOUBLE (Flyball, 8RD, EV 90.0 MPH) Chris Maul to third
|
Pitching: RHP Adam Huemmer
|
|
Batting: LHB Tyler Francis
|
0-0: Ball 1-0: Ground out 4-3 (Groundball, 13, EV 88.8 MPH) Chris Maul scores Tony Hasbun to third
|
Batting: RHB Alfredo Sena
|
0-0: Foul Ball, location: 2F 0-1: Ball 1-1: Called Strike 1-2: Strikes out swinging
|
Top of the 8th over - 1 run, 2 hits, 0 errors, 1 left on base; Brevard County 2 - Lakeland 7 |
BOTTOM OF THE 8TH |
Lakeland Flying Tigers batting - Pitching for Brevard County Manatees : RHP Ernie Borden
|
Batting: RHB Jeremiah Washington
|
0-0: Ball 1-0: Foul Ball, location: 2F 1-1: Fly out, F3 (Popup, 34, EV 65.6 MPH)
|
Batting: RHB Jordan Hall
|
0-0: Ball 1-0: Foul Ball, location: 2F 1-1: Ground out 5-3 (Groundball, 5S, EV 64.4 MPH)
|
Batting: RHB Mike Sebastian
|
0-0: Ball 1-0: Fly out, F8 (Line Drive, 8RM, EV 99.4 MPH)
|
Bottom of the 8th over - 0 runs, 0 hits, 0 errors, 0 left on base; Brevard County 2 - Lakeland 7 |
TOP OF THE 9TH |
Brevard County Manatees batting - Pitching for Lakeland Flying Tigers : RHP Adam Huemmer
|
Batting: RHB Ryan Miller
|
0-0: Foul Ball, location: 2F 0-1: Ball 1-1: Swinging Strike 1-2: Foul Ball, location: 2F 1-2: Ball 2-2: Foul Ball, location: 2F 2-2: Foul Ball, location: 2F 2-2: Foul Ball, location: 2F 2-2: Strikes out looking
|
Batting: RHB Chris Fruit
|
0-0: Ball 1-0: Ball 2-0: Ball 3-0: Called Strike 3-1: Base on Balls
|
Batting: LHB Bill Kovac
|
0-0: Ball 1-0: Grounds into double play, 4-6-3 (Groundball, 4, EV 90.0 MPH)
|
Top of the 9th over - 0 runs, 0 hits, 0 errors, 0 left on base; Brevard County 2 - Lakeland 7 |
|